 Dungeon Crawl Stone Soup version 0.18-a0-993-g4a3b7c7 (webtiles) character file.

797 M4edhros the Sneak (level 7, -1/43 HPs)
             Began as an Octopode Artificer on Jan 4, 2016.
             Was an Initiate of Okawaru.
             Succumbed to poison (a potion of poison)
             ... on level 5 of the Dungeon.
             The game lasted 00:08:54 (4259 turns).

M4edhros the Sneak (Octopode Artificer)             Turns: 4259, Time: 00:08:55

Health: -1/43      AC:  2    Str: 10    XL:     7   Next: 89%
Magic:  10/10      EV: 12    Int: 20    God:    Okawaru [......]
Gold:   365        SH:  8    Dex: 13    Spells: 0 memorised, 6 levels left

rFire  . . .     SeeInvis .     t - +0 rapier
rCold  . . .     Gourm    .     o - +0 shield
rNeg   . . .     Faith    .     (helmet restricted)
rPois  .         Spirit   .     (no amulet)
rElec  .         Dismiss  .     i - ring of loudness (curse)
rCorr  .         Reflect  .     s - +1 ring of protection
SustAt .         Harm     .     F - ring of protection from magic
MR     +....                    O - +6 ring of intelligence (curse)
Stlth  ++++......               (no ring)
                                (no ring)
                                (no ring)
                                (no ring)

@: lethally poisoned (-1 -> -19), somewhat resistant to hostile enchantments,
stealthy
A: almost no armour, amphibious, 8 rings, constrict 8, camouflage 1, dopey 1,
gelatinous body 1
a: Renounce Religion


You were on level 5 of the Dungeon.
You worshipped Okawaru.
Okawaru was noncommittal.
You were hungry.

You visited 2 branches of the dungeon, and saw 6 of its levels.

You collected 365 gold pieces.

Inventory:

Hand Weapons
 a - a +0 short sword
 l - a +0 hunting sling
 t - a +0 rapier (weapon)
 A - a +3 dagger
 D - a +1 dagger of draining
 I - a +0 blowgun
Missiles
 e - 190 stones (quivered)
 m - 42 sling bullets
 y - 13 sling bullets of flame
 L - 17 poisoned needles
Armour
 o - a +0 shield (worn)
Jewellery
 i - a cursed ring of loudness (left tentacle)
 s - a +1 ring of protection (right tentacle)
 F - a ring of protection from magic (on tentacle)
 O - a cursed +6 ring of intelligence (on tentacle)
Wands
 b - a wand of flame (7/48)
 c - a wand of enslavement (9/24)
 d - a wand of random effects (5/48)
 w - a wand of lightning (3/15)
Scrolls
 g - 5 scrolls of teleportation {unknown}
 h - a scroll of random uselessness {unknown}
 j - 11 scrolls of identify {unknown}
 k - 2 scrolls of recharging {unknown}
 n - 3 scrolls of fear {unknown}
 p - 3 scrolls of remove curse {unknown}
 q - a scroll of enchant armour {unknown}
 H - a scroll of amnesia {unknown}
 J - 3 scrolls of magic mapping {unknown}
 K - a scroll of enchant weapon {unknown}
 M - a scroll of noise {unknown}
 N - a scroll of blinking {unknown}
Books
 E - a book of Summonings

   Spells                             Type                      Level
   a - Recall                         Summoning/Translocation      3
   b - Aura of Abjuration             Summoning                    5
   c - Shadow Creatures               Summoning                    5
   d - Summon Demon                   Summoning                    5
   e - Summon Forest                  Summoning/Translocation      5
   f - Summon Mana Viper              Hexes/Summoning              5
Comestibles
 f - 5 bread rations
 u - a royal jelly
 v - 3 meat rations
 B - a slice of pizza
 C - a beef jerky


   Skills:
 - Level 1.0 Fighting
 - Level 1.0 Short Blades
 * Level 3.5 Slings
 * Level 5.0 Dodging
 * Level 6.3 Stealth
 * Level 2.6 Shields
 + Level 4.6 Evocations


You had 6 spell levels left.
You didn't know any spells.

Dungeon Overview and Level Annotations

Branches:
Dungeon (5/15)             Temple (1/1) D:5

Altars:
Ashenzari
Cheibriados
Dithmenos
Elyvilon
Fedhas
Gozag
Kikubaaqudgha
Makhleb
Okawaru
Pakellas
Qazlal
Ru
Sif Muna
Trog
Vehumet
Xom
Yredelemnul
Zin
The Shining One


Innate Abilities, Weirdness & Mutations

You cannot wear most types of armour.
You are amphibious.
You can wear up to eight rings at the same time.
You can use your tentacles to constrict eight enemies at once.
Your skin changes colour to match your surroundings (Stealth).
Your rubbery body absorbs attacks (AC +1).
You are dopey. (Int -2)


Message History

That liquid tasted very nasty...
You are more poisoned.
* * * LOW HITPOINT WARNING * * *
You feel sick. You block the worker ant's attack.
You are too injured to fight recklessly!
You are too injured to fight recklessly!
You are too injured to fight recklessly!
Unknown command.
Your shield prevents you from hitting the worker ant.
You grab the worker ant.
You constrict the worker ant, but do no damage.
* * * LOW HITPOINT WARNING * * *
You feel sick. The worker ant barely misses you.
The worker ant barely misses you.
The worker ant bites you but does no damage.
A centaur comes into view.
You hit the worker ant.
The worker ant is lightly wounded.
You constrict the worker ant.
You die...
Xom howls with laughter!

#.....##.# #.#
.#######........####
#.#
........###........#
#.#
.########.###c.......#
#.#
.#...................#
#.#
##.######.####.......#
#.#
.............'...>...#
#.#
##..#####'####.......#
#.# ##..#...)..#
#..@a...+ ..#
....#......# #.##a##.#
###
.##.#......#####...###
.##.#........##..†..#
........<....##.....#
###..........###...##
###...##.....# ##'##
.##...##.....# ##.#
.##...#......###..####


You could see a centaur and 2 worker ants.

Vanquished Creatures
  The ghost of M4edhros the Sneak, an amateur OpAr of Okawaru (D:5)
  An ice beast (D:5)
  A boggart (D:4)
  A hound (D:4)
  A jelly (D:4)
  An orc wizard (D:4)
  2 orc priests
  3 worker ants
  A hound skeleton (D:5)
  6 gnolls (D:4)
  5 adders
  A giant eyeball (D:4)
  2 oozes
  An adder skeleton (D:3)
  2 worms
  2 giant geckos
  9 orcs
  5 bats
  6 giant cockroaches
  10 goblins
  10 hobgoblins
  5 jackals
  7 quokkas
  A giant cockroach zombie (D:5)
  5 giant newts
  8 kobolds
  10 rats
107 creatures vanquished.

Vanquished Creatures (collateral kills)
  A hound (D:5)
1 creature vanquished.

Vanquished Creatures (others)
  An orc priest (D:4)
  An orc wizard (D:4)
  A gnoll (D:4)
3 creatures vanquished.

Grand Total: 111 creatures vanquished

Notes
Turn   | Place    | Note
--------------------------------------------------------------
     0 | D:1      | M4edhros the Octopode Artificer began the quest for the Orb.
     0 | D:1      | Reached XP level 1. HP: 13/13 MP: 3/3
    53 | D:1      | Reached XP level 2. HP: 11/18 MP: 4/4
   502 | D:1      | Reached XP level 3. HP: 23/23 MP: 5/5
   900 | D:2      | Found a stormy altar of Qazlal.
  1141 | D:2      | Reached XP level 4. HP: 26/28 MP: 6/6
  1441 | D:4      | Reached skill level 1 in Slings
  1441 | D:4      | Reached skill level 4 in Stealth
  1442 | D:4      | Reached XP level 5. HP: 18/33 MP: 7/7
  1494 | D:4      | Paralysed by a giant eyeball for 2 turns
  1535 | D:4      | HP: 1/33 [acid (7)]
  1848 | D:4      | Reached XP level 6. HP: 25/38 MP: 9/9
  2345 | D:4      | Reached skill level 5 in Stealth
  2431 | D:5      | Entered Level 5 of the Dungeon
  2437 | D:5      | Noticed an ice beast
  2444 | D:5      | Killed an ice beast
  2444 | D:5      | Reached skill level 1 in Shields
  2444 | D:5      | Reached XP level 7. HP: 26/43 MP: 10/10
  2642 | D:5      | Found a staircase to the Ecumenical Temple.
  2663 | Temple   | Entered the Ecumenical Temple
  2705 | Temple   | Became a worshipper of Xom of Chaos
  2710 | Temple   | Fell from the grace of Xom
  2710 | Temple   | Became a worshipper of Warmaster Okawaru
  3659 | D:3      | XOM: summons 2 hostile demons
  3745 | D:5      | XOM: give mutation
  3745 | D:5      | Gained mutation: You are dopey. (Int -2) [Xom's mischief]
  3825 | D:5      | Noticed M4edhros's ghost (amateur OpAr)
  4014 | D:5      | XOM: noise
  4043 | D:5      | Killed M4edhros's ghost
  4043 | D:5      | Reached skill level 6 in Stealth
  4091 | D:5      | XOM: mild Fire miscast
  4120 | D:5      | XOM: mild Chrm miscast
  4140 | D:5      | Found an opulent altar of Gozag.
  4253 | D:5      | Reached skill level 5 in Dodging
  4258 | D:5      | HP: 1/43 [poison (a potion of poison)]
  4259 | D:5      | Succumbed to poison (a potion of poison)

Vault maps used:
D:1:      dpeg_arrival_round_a, kennysheep_another_room
D:2:      lemuel_crystal_altar, minmay_misc_feat_diagonals
D:4:      first_bread
D:5:      minmay_temple_entry_purple_smoke, basic_altar, zaba_anthole
Temple:   kilobyte_greek_temple_18

Action                   |  1- 3 |  4- 6 |  7- 9 || total
-------------------------+-------+-------+-------++-------
Melee: Short sword       |    81 |    20 |       ||   101
       Rapier            |       |    50 |    90 ||   140
Evoke: Wand              |       |    19 |     5 ||    24
  Use: Potion            |       |     1 |     5 ||     6
 Stab: Sleeping          |    10 |     1 |     5 ||    16
       Distracted        |       |     1 |       ||     1
  Eat: Chunk             |       |     5 |     5 ||    10
